 Adventure DCSS version bcrawl-1.27.3 (webtiles) character file.

Game seed: 16461274997873664333

174819 galech the Covered (level 5, 16/41 HPs)
             Began as a Demonspawn Fighter on Aug 3, 2020.
             Quit the game on level 3 of the Dungeon.
             The game lasted 00:02:58 (2071 turns).

galech the Covered (Demonspawn Fighter)             Turns: 2071, Time: 00:02:59

Health: 16/41      AC: 11    Str: 16    XL:     5   Next: 32%
Magic:  4/5        EV:  0    Int: 10    God:
Gold:   177        SH:  9    Dex: 13    Spells: 4/4 levels left
                                        Lives:  2   Deaths: 0

rFire    . . .     SeeInvis .   a - +0 war axe
rCold    . . .     Gourm    .   c - +0 medium shield
rNeg     . . .     Faith    .   i - +0 plate armour
rPois    .         Spirit   +   (no helmet)
rElec    .         Reflect  .   (no cloak)
rCorr    .         Harm     .   (no gloves)
MR       .....                  (boots unavailable)
Stlth    ..........             m - amulet of guardian spirit
HPRegen  0.13/turn              (no ring)
MPRegen  0.09/turn              (no ring)

@: no status effects
A: claws 1, talons 3
a: no special abilities


You were on level 3 of the Dungeon.
You were near starving.

You visited 1 branch of the dungeon, and saw 3 of its levels.

You collected 177 gold pieces.

Inventory:

Hand Weapons
 a - a +0 war axe (weapon)
Armour
 c - a +0 medium shield (worn)
 i - a +0 plate armour (worn)
Jewellery
 m - an amulet of guardian spirit (around neck)
 n - a +6 amulet of reflection {unknown}
 s - a +5 amulet of reflection {unknown}
Wands
 d - a wand of enslavement (7)
 r - a wand of iceblast (14)
Scrolls
 b - a scroll of enchant armour
 g - a scroll of enchant weapon
 p - a scroll of blinking {unknown}
 t - a scroll of identify
Potions
 f - a potion of flight
 h - a potion of curing {unknown}
 j - a potion of brilliance {unknown}
 k - 2 potions of heal wounds {unknown}
 l - a potion of haste {unknown}
 q - a potion of might
Comestibles
 e - 8 rations {!d}
 o - 25 chunks of flesh


   Skills:
 + Level 3.6 Fighting
 + Level 3.2 Axes
 + Level 3.8 Armour
 + Level 0.3 Dodging
 + Level 3.3 Shields


You had 4 spell levels left.
You didn't know any spells.
Your spell library contained the following spells:

 Spells                   Type           Power        Failure   Level  Hunger
 Recall                   Summ/Tloc      N/A          100%        3    #####..
 Aura of Abjuration       Summ           #.........   100%        5    #######
 Summon Demon             Summ           #.........   100%        5    #######
 Summon Forest            Summ/Tloc      #.........   100%        5    #######
 Summon Mana Viper        Hex/Summ       #.......     100%        5    #######
 Shadow Creatures         Summ           N/A          100%        6    #######


Dungeon Overview and Level Annotations

Branches:
Dungeon (3/12)

Altars:
Ashenzari
Cheibriados
Lugonu
Wu Jian
The Shining One


Innate Abilities, Weirdness & Mutations

You have sharp fingernails.
You have claws for feet.


Message History

You hit the goblin but do no damage. You block the goblin's attack.
Your shield and plate armour prevent you from hitting the goblin.
Your kick misses the goblin. The goblin hits you but does no damage.
You closely miss the goblin. You claw the goblin.
You kill the goblin!
You now have 177 gold pieces (gained 16).
t - a scroll of identify
Items here: )))))) [[[ ††††††† Butcher an orc corpse? [(y)es/(n)o/(a)ll/(q)uit/?]
You butcher the orc corpse.
You butcher the goblin corpse.
You butcher the orc corpse. x2
You butcher the adder corpse.
You butcher the orc corpse. x2
o - 12 chunks of flesh (gained 3);
o - 15 chunks of flesh (gained 3)
o - 16 chunks of flesh (gained 1);
o - 18 chunks of flesh (gained 2)
o - 20 chunks of flesh (gained 2);
o - 22 chunks of flesh (gained 2)
o - 25 chunks of flesh (gained 3)
Items here: )))))) [[[ ÷÷÷÷÷÷÷ Are you sure you want to abandon this character and quit the game? (Confirm with "yes".)

.# .#### . ## ....####
.##.. ##. )....... ...#
.... ....#### #..# .....
...## # # #..# #._...
...#####.##.#..# #......
............#..##.....⌠.
...### #........@.......
...##########..##.......
.........####..# #...._.
#....###.......# ......
......#######.## #....
##.._..######.# ####
#............#
##############


There were no monsters in sight!

Vanquished Creatures
  2 orc wizards (D:3)
  A worker ant (D:2)
  3 adders
  An ooze (D:3)
  2 worms (D:2)
  2 leopard geckos
  12 orcs (D:3)
  6 bats
  A giant cockroach (D:3)
  5 goblins
  A hobgoblin (D:3)
  4 jackals (D:1)
  A quokka (D:3)
  A ball python (D:2)
  2 frilled lizards
  5 kobolds
  5 rats
54 creatures vanquished.

Notes
Turn   | Place    | Note
-------+----------+-------------------------------------------
     0 | D:1      | galech the Demonspawn Fighter began the quest for the Orb.
     0 | D:1      | Reached XP level 1. HP: 18/18 MP: 1/1
    44 | D:1      | Gained mutation: You have sharp toenails. [demonic
                  | ancestry]
    44 | D:1      | Reached XP level 2. HP: 12/24 MP: 2/2
   694 | D:2      | Gained mutation: You have razor-sharp toenails. [demonic
                  | ancestry]
   694 | D:2      | Reached XP level 3. HP: 14/29 MP: 3/3
  1284 | D:2      | Found a corrupted altar of Lugonu.
  1433 | D:2      | Found a glowing golden altar of the Shining One.
  1561 | D:3      | Gained mutation: You have claws for feet. [demonic
                  | ancestry]
  1561 | D:3      | Reached XP level 4. HP: 35/35 MP: 4/4
  1972 | D:3      | Found a snail-covered altar of Cheibriados.
  2004 | D:3      | Found an ornate altar of the Wu Jian Council.
  2008 | D:3      | Found a shattered altar of Ashenzari.
  2016 | D:3      | Gained mutation: You have sharp fingernails. [demonic
                  | ancestry]
  2016 | D:3      | Reached XP level 5. HP: 37/41 MP: 5/5
  2071 | D:3      | Quit the game

Skill      XL: |  1  2  3  4 |
---------------+-------------+-----
Axes           | 2 3 |  3.2
Shields        | 3 |  3.3
Armour         | 3 |  3.8
Fighting       | |  3.6
Dodging        | |  0.3

Action                   |  1- 3 |  4- 6 || total
-------------------------+-------+-------++-------
Melee: War axe           |   129 |    84 ||   213
       Kick              |     8 |    17 ||    25
  Use: Potion            |     2 |       ||     2
       Scroll            |     4 |       ||     4
  Eat: Chunk             |     7 |     3 ||    10
Armor: Scale mail        |    26 |       ||    26
       Plate armour      |   114 |    78 ||   192
Dodge: Dodged            |    15 |       ||    15
Block: Medium shield     |    87 |    34 ||   121
